 Dungeon Crawl Stone Soup version 0.31.0-11-ge490571c62 (webtiles) character file.

Game seed: 13513707044698679259

455 qw the Skirmisher (level 6, -9/37 HPs)
             Began as a Deep Elf Hunter on Feb 3, 2024.
             Mangled by Duvessa
             ... wielding a +1 rapier of holy wrath
              (11 damage)
             ... on level 4 of the Dungeon.
             The game lasted 00:00:11 (2624 turns).

qw the Skirmisher (Deep Elf Hunter)                 Turns: 2624, Time: 00:00:12

Health: -9/37      AC:  8    Str: 14    XL:     6   Next: 76%
Magic:  8/8        EV: 12    Int: 14    God:
Gold:   162        SH:  0    Dex: 20    Spells: 5/5 levels left

rFire   . . .        a - +1 shortbow
rCold   . . .        (shield currently unavailable)
rNeg    . . .        c - +0 ring mail
rPois   .            (no helmet)
rElec   .            (no cloak)
rCorr   .            (no gloves)
SInv    .            h - +2 pair of boots
Will    .....        (no amulet)
Stlth   +            d - +6 ring of strength
HPRegen 0.26/turn    (no ring)
MPRegen 0.11/turn

%: no passive effects
@: about to teleport
A: no striking features
a: no special abilities


You were on level 4 of the Dungeon.
You visited 2 branches of the dungeon, and saw 5 of its levels.

You collected 246 gold pieces.
You spent 84 gold pieces at shops.


   Skills:
 - Level 3.1 Fighting
 + Level 9.5 Ranged Weapons
 - Level 3.1 Dodging
 - Level 1.2 Stealth


You had 5 spell levels left.
You didn't know any spells.
Your spell library was empty.

Inventory:

Hand Weapons
 a - a +1 shortbow (weapon)
Armour
 c - a +0 ring mail (worn)
 h - a +2 pair of boots (worn)
Jewellery
 d - a +6 ring of strength (left hand)
Scrolls
 g - 2 scrolls of teleportation
Potions
 e - 2 potions of curing
 f - 2 potions of enlightenment

Dungeon Overview and Level Annotations

Branches:
Dungeon (4/15)             Temple (1/1) D:4

Altars:
Cheibriados
Dithmenos
Elyvilon
Gozag
Kikubaaqudgha
Qazlal
Ru
Uskayaw
Vehumet
Wu Jian
Xom
Zin

Shops:
D:1 (   D:2 =   D:4 *

Annotations:
D:4 Duvessa


Message History

Dowan is heavily wounded.
You shoot an arrow. The arrow barely misses Dowan.
Dowan barely misses you.
You shoot an arrow. The arrow hits Dowan.
Dowan is heavily wounded.
Dowan casts a spell.
Dowan blinks!
You shoot an arrow. The arrow hits Dowan!
Dowan is almost dead.
Dowan points at you and mumbles some strange words.
The puff of frost misses you.
You shoot an arrow. The arrow misses Dowan.
You shoot an arrow. The arrow hits Dowan.
You kill Dowan!
You hear a distant scream of rage.
Duvessa, Sister of Dowan comes into view.
She is wielding a +1 rapier of holy wrath.
Duvessa shouts!
Duvessa goes berserk!
You shoot an arrow. The arrow hits Duvessa.
Duvessa is lightly wounded.
Duvessa hits you with a +1 rapier of holy wrath!
You shoot an arrow. The arrow hits Duvessa.
Duvessa is lightly wounded.
Duvessa hits you with a +1 rapier of holy wrath.
Duvessa closely misses you.
You shoot an arrow. The arrow hits Duvessa.
Duvessa is lightly wounded.
Duvessa hits you with a +1 rapier of holy wrath!
You shoot an arrow. The arrow hits Duvessa.
Duvessa is lightly wounded.
Duvessa hits you but does no damage.
Duvessa hits you with a +1 rapier of holy wrath.
You shoot an arrow. The arrow hits Duvessa.
Duvessa is moderately wounded.
Duvessa hits you with a +1 rapier of holy wrath!
2624 ||| READING 3 scrolls of teleportation.
As you read the scroll of teleportation, it crumbles to dust.
You feel strangely unstable.
Duvessa hits you with a +1 rapier of holy wrath!
You die...

# # # # ## # .# # .#
# .# # ###e# # #.@.#
###############.###
...<....#..)....# ###
#########.#########.#
#########.# #...#
....).....### #.###
######......# #)#
....##.#.##.# #.#
.##.##.#..#.#####.#


You could see Duvessa (berserk).

Vanquished Creatures
  Sigmund (D:4)
  Dowan (D:4)
  A bombardier beetle (D:4)
  A hound (D:4)
  A sleepcap (D:4)
  An iguana (D:4)
  Terence (D:3)
  4 adders
  2 dart slugs (D:2)
  2 orcs
  3 bats (D:1)
  5 endoplasms
  A giant cockroach (D:3)
  7 goblins
  7 hobgoblins
  4 jackals (D:1)
  7 quokkas
  11 ball pythons
  A frilled lizard (D:3)
  8 kobolds
  5 rats
74 creatures vanquished.

Notes
Turn   | Place    | Note
-------+----------+-------------------------------------------
     0 | D:1      | qw the Deep Elf Hunter began the quest for the Orb.
     0 | D:1      | Reached XP level 1. HP: 12/12 MP: 3/3
     0 | D:1      | 0 ||| qw: Version: 0.3-a-155-g5e7d8dd
     0 | D:1      | 0 ||| qw: Game counter: 3521
     0 | D:1      | 0 ||| qw: Melee chars always use a shield: true
     0 | D:1      | 0 ||| qw: God list: Okawaru
     0 | D:1      | 0 ||| qw: Allow faded altars: false
     0 | D:1      | 0 ||| qw: Do Orc after clearing Dungeon:15 true
     0 | D:1      | 0 ||| qw: Do second Lair branch before Depths: true
     0 | D:1      | 0 ||| qw: Lair rune preference: random
     0 | D:1      | 0 ||| qw: Goals: Normal
     0 | D:1      | 0 ||| PLANNING D:1-11
    88 | D:1      | Found Juitu's Weapon Shoppe.
   101 | D:1      | Reached XP level 2. HP: 16/16 MP: 4/4
   105 | D:1      | Reached skill level 6 in Ranged Weapons
   105 | D:1      | 105 ||| UPGRADING to +6 ring of strength.
   592 | D:1      | 592 ||| UPGRADING to +0 scale mail.
   602 | D:1      | 602 ||| DROPPING +0 leather armour.
   603 | D:1      | 603 ||| READING scroll labelled POMUFI XITYMIA.
   606 | D:1      | 606 ||| READING scroll labelled TYIB GU YGA.
   607 | D:1      | 607 ||| READING 3 scrolls labelled UMOALE TIZYXI.
   608 | D:1      | 608 ||| READING scroll labelled DUECIVOOSS.
   608 | D:1      | 608 ||| IDENTIFYING scroll labelled XOTOGINERPH
   609 | D:1      | 609 ||| DROPPING scroll of butterflies.
   610 | D:1      | 610 ||| DROPPING 2 scrolls of revelation.
   611 | D:1      | 611 ||| DROPPING scroll of noise.
   645 | D:2      | Reached XP level 3. HP: 20/20 MP: 5/5
   773 | D:2      | Reached skill level 7 in Ranged Weapons
   828 | D:2      | Found Naymaici's Jewellery Emporium.
   843 | D:2      | 843 ||| SHOPLISTING +5 ring of evasion (504 gold, have
                  | 121).
   843 | D:2      | 843 ||| SHOPLISTING amulet of guardian spirit (420 gold,
                  | have 121).
   843 | D:2      | 843 ||| SHOPLISTING amulet of reflection (420 gold, have
                  | 121).
   843 | D:2      | 843 ||| SHOPLISTING amulet of regeneration (420 gold, have
                  | 121).
   843 | D:2      | 843 ||| SHOPLISTING amulet of the acrobat (420 gold, have
                  | 121).
   843 | D:2      | 843 ||| SHOPLISTING ring of willpower (350 gold, have 121).
  1184 | D:2      | Reached XP level 4. HP: 23/25 MP: 6/6
  1278 | D:2      | 1278 ||| UPGRADING to +0 ring mail.
  1288 | D:2      | 1288 ||| UPGRADING to +2 pair of boots.
  1293 | D:2      | 1293 ||| DROPPING +0 scale mail.
  1294 | D:2      | 1294 ||| READING 4 scrolls of identify.
  1294 | D:2      | 1294 ||| IDENTIFYING glowing grey potion
  1295 | D:2      | 1295 ||| READING 3 scrolls of identify.
  1295 | D:2      | 1295 ||| IDENTIFYING red potion
  1296 | D:2      | 1296 ||| READING 2 scrolls of identify.
  1296 | D:2      | 1296 ||| IDENTIFYING 2 bubbling purple potions
  1297 | D:2      | 1297 ||| DROPPING 2 potions of degeneration.
  1298 | D:2      | 1298 ||| DROPPING potion of attraction.
  1461 | D:3      | Noticed Terence
  1470 | D:3      | Killed Terence
  1476 | D:3      | Reached skill level 8 in Ranged Weapons
  1845 | D:3      | 1845 ||| READING scroll of identify.
  1845 | D:3      | 1845 ||| IDENTIFYING emerald potion
  1846 | D:3      | 1846 ||| READING scroll labelled YSHRIH HIVIBLA.
  1847 | D:3      | 1847 ||| READING scroll labelled ZESIFF FOYNOD.
  1848 | D:3      | 1848 ||| READING scroll labelled DYNUEK MOENE.
  1848 | D:3      | 1848 ||| ENCHANTING +0 shortbow.
  1849 | D:3      | 1849 ||| READING scroll labelled BIGOEKHL TACVO.
  1851 | D:3      | 1851 ||| Stepping ~*~*~tactically~*~*~ (cloud).
  1913 | D:4      | Found Ohoa's General Store.
  1921 | D:4      | 1921 ||| BUYING potion of enlightenment (60 gold).
  1921 | D:4      | Bought a potion of enlightenment for 60 gold pieces
  1921 | D:4      | 1921 ||| BUYING scroll of identify (24 gold).
  1921 | D:4      | Bought a scroll of identify for 24 gold pieces
  1943 | D:4      | Found a staircase to the Ecumenical Temple.
  1944 | D:4      | 1944 ||| PLANNING TEMPLE
  1944 | D:4      | 1944 ||| READING scroll of identify.
  1944 | D:4      | 1944 ||| IDENTIFYING bubbling red potion
  1945 | D:4      | 1945 ||| DROPPING potion of lignification.
  1954 | Temple   | Entered the Ecumenical Temple
  1955 | Temple   | 1955 ||| PLANNING D:1-11
  1986 | D:4      | Reached XP level 5. HP: 29/29 MP: 7/7
  2047 | D:4      | Reached skill level 9 in Ranged Weapons
  2049 | D:4      | 2049 ||| FLEEEEING.
  2051 | D:4      | HP: 7/29 [burnt (4)]
  2177 | D:4      | Found a hide-covered altar of Uskayaw.
  2318 | D:4      | Reached skill level 3 in Dodging
  2437 | D:4      | Noticed Sigmund
  2452 | D:4      | Killed Sigmund
  2453 | D:4      | Reached skill level 3 in Fighting
  2453 | D:4      | Reached XP level 6. HP: 16/37 MP: 8/8
  2453 | D:4      | 2453 ||| FLEEEEING.
  2606 | D:4      | Noticed Dowan
  2613 | D:4      | Killed Dowan
  2618 | D:4      | Noticed Duvessa
  2623 | D:4      | HP: 2/37 [Duvessa/+1 rapier of holy wrath (12)]
  2624 | D:4      | 2624 ||| READING 3 scrolls of teleportation.
  2624 | D:4      | Mangled by Duvessa

Levels and vault maps discovered:
D:1:      lemuel_arrival_tunnels, layout_rooms, serial_shops, shop_statue,
          serial_forest, infiniplex_forest_clump_tiny,
          infiniplex_forest_lined_room_2, infiniplex_forest_pool,
          infiniplex_forest_clump_curved, infiniplex_forest_lined_corner,
          infiniplex_forest_lined_1, infiniplex_forest_straight_2
D:2:      layout_basic, serial_shops, shop
D:3:      layout_rooms, uniq_terence
D:4:      layout_basic, mainiacjoe_overflow_swirl,
          eat_drink_and_be_merry_uskayaw, minmay_temple_entry_glassed_door,
          serial_shops, shop, uniq_duvessa, uniq_sigmund
Temple:   nicolae_temple_bog_church

Skill      XL: |  1  2  3  4  5 |
---------------+----------------+-----
Ranged Weapons | 6 7 8 9 |  9.5
Dodging        | 3 |  3.1
Fighting       | 3 |  3.1
Stealth        | |  1.2

Action                     |  1- 3 |  4- 6 || total
---------------------------+-------+-------++-------
   Fire: Shortbow          |   108 |   122 ||   230
    Use: Scroll            |     4 |    10 ||    14
 Armour: Leather armour    |    12 |       ||    12
         Scale mail        |     8 |       ||     8
         Ring mail         |       |    42 ||    42
  Dodge: Dodged            |    23 |    25 ||    48

Table legend:
 A = Non-vault XP
 B = Vault XP
 C = Vault XP percentage of total XP
 D = Non-vault monster count
 E = Vault monster count
 F = Vault count percentage of total count
                 A         B        C        D         E       F
            +---------+---------+-------+---------+---------+-------
      Total |     323 |     328 |  50.4 |      71 |       3 |   4.1
            +---------+---------+-------+---------+---------+-------
        D:1 |      40 |       0 |   0.0 |      24 |       0 |   0.0
        D:2 |      60 |       0 |   0.0 |      20 |       0 |   0.0
        D:3 |      47 |      36 |  43.4 |      13 |       1 |   7.1
        D:4 |     176 |     292 |  62.4 |      14 |       2 |  12.5
            +---------+---------+-------+---------+---------+-------
